 Dungeon Crawl Stone Soup version 0.31-a0-236-g9a0961fb85 (webtiles) character file.

Game seed: 3190671648965778417

3148 Anon1729 the Trooper (level 9, -10/79 HPs)
             Began as a Minotaur Monk on July 10, 2023.
             Was a Believer of Uskayaw.
             Mangled by a hornet (12 damage)
             ... on level 9 of the Dungeon.
             The game lasted 00:03:25 (6315 turns).

Anon1729 the Trooper (Minotaur Monk)                Turns: 6315, Time: 00:03:26

Health: -10/79     AC:  3    Str: 15    XL:     9   Next: 62%
Magic:  11/11      EV: 16    Int:  7    God:    Uskayaw [**....]
Gold:   263        SH:  5    Dex: 20    Spells: 8/8 levels left

rFire   + + .        y - +8 war axe of Zoshagh {heavy, rElec rF++ Dex+2}
rCold   + . .        d - orb {light}
rNeg    + . .        b - +0 robe
rPois   .            (helmet restricted)
rElec   +            s - +0 cloak
rCorr   .            (no gloves)
SInv    .            (no boots)
Will    .....        B - amulet of reflection
Stlth   ++           g - ring of positive energy
HPRegen 0.33/turn    r - ring of protection from cold
MPRegen 0.12/turn

%: reflection
@: lethally poisoned (-10 -> -27), slowed, glowing, very slow
A: horns 2, retaliatory headbutt
a: Renounce Religion, Stomp, Line Pass


You were on level 9 of the Dungeon.
You worshipped Uskayaw.
Uskayaw was noncommittal.
You visited 1 branch of the dungeon, and saw 8 of its levels.
You also visited: Ossuary.

You collected 263 gold pieces.

Inventory:

Hand Weapons
 a - a +0 short sword
 y - the +8 war axe of Zoshagh (weapon) {heavy, rElec rF++ Dex+2}
   (You found it on level 5 of the Dungeon)

   Dex:       It affects your dexterity (+2).
   rF:        It greatly protects you from fire.
   rElec:     It insulates you from electricity.
Armour
 b - a +0 robe (worn)
 d - an orb of light (worn)
 s - a +0 cloak (worn)
Jewellery
 g - a ring of positive energy (left hand)
 l - a ring of resist corrosion
 o - a +6 ring of intelligence
 r - a ring of protection from cold (right hand)
 B - an amulet of reflection (around neck)
 F - a ring of positive energy
Wands
 p - a wand of iceblast (14)
 q - a wand of flame (28)
 G - a wand of polymorph (6)
Scrolls
 i - a scroll of enchant weapon {unknown}
 j - 3 scrolls of fear
 k - 2 scrolls of blinking {unknown}
 m - 4 scrolls of teleportation
 t - a scroll of brand weapon {unknown}
 u - a scroll of fog {unknown}
 C - 2 scrolls of identify
 D - a scroll of acquirement {unknown}
 E - a scroll of enchant armour {unknown}
 I - a scroll of silence {unknown}
Potions
 c - a potion of ambrosia
 e - 4 potions of lignification
 f - a potion of might {unknown}
 h - 4 potions of curing
 n - 3 potions of attraction {unknown}
 v - a potion of enlightenment {unknown}
 w - a potion of mutation {unknown}
 x - a potion of brilliance {unknown}
 z - a potion of cancellation {unknown}
 A - 3 potions of haste {unknown}
 H - 2 potions of heal wounds {unknown}


   Skills:
 + Level 7.6 Fighting
 + Level 6.9 Short Blades
 + Level 6.4 Armour
 + Level 6.9 Dodging
 + Level 4.7 Stealth
 + Level 5.2 Invocations


You had 8 spell levels left.
You didn't know any spells.
Your spell library contained the following spells:

 Spells                   Type           Power      Damage    Failure   Level
 Freeze                   Ice            0%         1d3       43%         1
 Dazzling Flash           Conj/Hex       0%         N/A       80%         3
 Frozen Ramparts          Ice            0%         1d1       80%         3
 Hailstorm                Conj/Ice       0%         3d3       80%         3
 Volatile Blastmotes      Fire/Tloc      0%         2d10      80%         3
 Iskenderun's Mystic Bla  Conj/Tloc      0%         2d3       99%         4
 Starburst                Conj/Fire      0%         6d3       100%        6


Dungeon Overview and Level Annotations

Branches:
Dungeon (9/15)             Temple (0/1) D:5         Ossuary (visited)
   Lair: D:8-11         Orc: D:9-12

Altars:
Ashenzari
Dithmenos
Fedhas
Hepliaklqana
Makhleb
Sif Muna
Uskayaw
Yredelemnul

Annotations:
D:2 Sigmund


Innate Abilities, Weirdness & Mutations

You have a pair of horns on your head.
You reflexively headbutt those who attack you in melee.


Message History

You headbutt the orc warrior. The hornet misses you.
The orc warrior misses you. The hornet completely misses you.
You block the orc warrior's attack. The hornet misses you.
You can now pass through a line of other dancers.
You are too injured to fight recklessly!
You are too injured to fight recklessly!
You are too injured to fight recklessly!
You are too injured to fight recklessly!
You are too injured to fight recklessly!
You are too injured to fight recklessly!
You are too injured to fight recklessly!
You are too injured to fight recklessly!
You are too injured to fight recklessly!
You are too injured to fight recklessly!
You are too injured to fight recklessly!
You are too injured to fight recklessly!
You are too injured to fight recklessly!
You are too injured to fight recklessly!
You are too injured to fight recklessly!
You are too injured to fight recklessly!
You are too injured to fight recklessly!
You are too injured to fight recklessly!
You are too injured to fight recklessly!
You are too injured to fight recklessly!
Unknown command.
You slash the hornet!
The hornet is severely wounded.
You slash the orc warrior!
You kill the orc warrior!
You feel extremely sick.
A killer bee comes into view.
The hornet stings you!
* * * LOW HITPOINT WARNING * * *
You feel as though you will be slow longer.
The hornet stings you!
* * * LOW HITPOINT WARNING * * *
You are more poisoned.
You feel as though you will be slow longer.
The hornet closely misses you. The hornet stings you!
You die...

#.. .......# ...
.......# ..# #...>..#
.. #......# #### #.
###.....>#
......##.###........#
............##.....#
# #..####....##.....#
# #..##...#.##@y...#
# #......##.##yo...#
# ##........##..y..#
####
#.>.###..##...###
...####..# .....#.#
....##...# #...<.#.#
.......#.# #......
[....###..# .......
.....# #..# ...


You could see a hornet, 2 killer bees and an orc.

Vanquished Creatures
  Maggie (D:6)
  Grinder (D:3)
  3 ice beasts (D:6)
  3 orc warriors
  2 black bears
  2 centaurs
  3 ogres
  A gnoll sergeant (D:6)
  2 scorpions
  2 water moccasin zombies (Ossuary)
  A wight (Ossuary)
  A howler monkey (D:6)
  4 centaur zombies (Ossuary)
  2 bullfrog zombies (Ossuary)
  7 hounds
  A human zombie (Ossuary)
  6 orc priests
  2 iguanas
  2 sleepcaps
  A scorpion zombie (Ossuary)
  Natasha (thrice) (D:4)
  6 orc wizards
  9 adders
  A shadow imp (D:6)
  A white imp (D:6)
  3 ufetubi
  2 adder zombies (Ossuary)
  3 worms
  4 dart slugs
  29 orcs
  6 ball pythons
  7 bats
  11 endoplasms
  4 giant cockroaches (D:1)
  A gnoll zombie (Ossuary)
  6 goblins
  6 hobgoblins
  6 jackals
  A quokka (D:1)
  3 frilled lizards (D:3)
  8 goblin zombies (Ossuary)
  4 hobgoblin zombies (Ossuary)
  2 kobolds (D:1)
  3 orc zombies (Ossuary)
  3 rats
  A spectral orc (D:4)
180 creatures vanquished.

Notes
Turn   | Place    | Note
-------+----------+-------------------------------------------
     0 | D:1      | Anon1729 the Minotaur Monk began the quest for the Orb.
     0 | D:1      | Reached XP level 1. HP: 19/19 MP: 0/0
   125 | D:1      | Reached XP level 2. HP: 27/27 MP: 1/1
   242 | D:1      | Reached XP level 3. HP: 13/33 MP: 2/2
   252 | D:1      | Reached skill level 1 in Armour
   383 | D:1      | Reached skill level 4 in Fighting
   424 | D:1      | Reached skill level 1 in Invocations
   711 | D:2      | Reached skill level 1 in Stealth
   868 | D:2      | Noticed Sigmund
   938 | D:3      | Noticed a scorpion
   946 | D:3      | Killed a scorpion
   947 | D:3      | Reached XP level 4. HP: 22/40 MP: 2/4
   957 | D:3      | HP: 2/40 [poisoned by a scorpion]
  1243 | D:3      | Reached XP level 5. HP: 47/47 MP: 5/5
  1273 | D:3      | Noticed Grinder
  1274 | D:3      | Found a blossoming altar of Fedhas.
  1290 | D:3      | Paralysed by Grinder for 2 turns
  1295 | D:3      | Killed Grinder
  1296 | D:3      | Reached XP level 6. HP: 21/55 MP: 6/6
  1573 | D:3      | Found a shimmering blue altar of Sif Muna.
  1877 | D:4      | Found a hazy altar of Hepliaklqana.
  1909 | D:4      | Found a sand-covered staircase.
  1919 | D:4      | Reached skill level 5 in Fighting
  2111 | D:4      | Noticed Natasha
  2122 | D:4      | Killed Natasha
  2202 | Ossuary  | Entered an ossuary
  2248 | Ossuary  | Reached XP level 7. HP: 27/61 MP: 7/7
  2490 | Ossuary  | Reached skill level 5 in Short Blades
  2495 | Ossuary  | Reached skill level 5 in Dodging
  2747 | Ossuary  | Noticed a silent spectre
  2857 | D:4      | Found a basalt altar of Yredelemnul.
  3306 | D:4      | Noticed Natasha
  3312 | D:4      | Killed Natasha
  3313 | D:4      | Reached XP level 8. HP: 44/70 MP: 9/9
  3665 | D:4      | Noticed Natasha
  3666 | D:4      | Found a hide-covered altar of Uskayaw.
  3673 | D:4      | Killed Natasha
  3749 | D:4      | Found a broken altar of Ashenzari.
  3784 | D:4      | Became a worshipper of Uskayaw the Reveller
  3784 | D:4      | Reached * piety under Uskayaw
  3874 | D:5      | Entered Level 5 of the Dungeon
  3874 | D:5      | Found a shadowy altar of Dithmenos.
  3880 | D:5      | Reached ** piety under Uskayaw
  3883 | D:5      | Reached *** piety under Uskayaw
  3885 | D:5      | Reached **** piety under Uskayaw
  3886 | D:5      | Reached skill level 6 in Fighting
  3964 | D:5      | Identified the +8 war axe of Zoshagh {heavy, rElec rF++
                  | Dex+2}
  4182 | D:5      | Found a staircase to the Ecumenical Temple.
  4574 | D:5      | Reached skill level 5 in Armour
  4704 | D:5      | Found a burning altar of Makhleb.
  5240 | D:6      | Noticed Maggie
  5246 | D:6      | Killed Maggie
  5247 | D:6      | Reached skill level 7 in Fighting
  5247 | D:6      | Reached XP level 9. HP: 20/79 MP: 11/11
  5791 | D:6      | Reached ***** piety under Uskayaw
  5798 | D:6      | Reached skill level 5 in Invocations
  5802 | D:6      | Reached ****** piety under Uskayaw
  6224 | D:7      | You fall into a shaft and drop 2 floors!
  6315 | D:9      | HP: 2/79 [hornet (15)]
  6315 | D:9      | Mangled by a hornet

Illustrated notes

Levels and vault maps discovered:
D:1:      scummos_arrival_forest, layout_rooms, st_stairs_8, minmay_domino_4
D:2:      minmay_alternating_diamond, layout_rooms, minivault_14,
          chequers_big_river, minivault_4, kennysheep_generic_room_13,
          uniq_sigmund, uniq_crazy_yiuf_cottage
D:3:      layout_rooms, mainiacjoe_overflow_tiny_flanked, fedhas_altar_1,
          chequers_serial_rivers_micro_e, grunt_ministairs_11, uniq_grinder
D:4:      layout_basic, yredelemnul_forgotten_temple_becter,
          mainiacjoe_overflow_cross_hatched, mainiacjoe_overflow_two_lobes,
          nicolae_ossuary_entry_plus, uniq_natasha
D:5:      layout_basic, grunt_dithmenos_smoke_and_mirrors,
          mainiacjoe_overflow_alcove_1, minmay_temple_entry_waves,
          kennysheep_flooded_box
D:6:      minmay_chambers_of_threes, layout_loops_ring, uniq_maggie
D:7:      layout_basic, kennysheep_mini_moat, lemuel_doored_altar,
          lemuel_crystal_altar, uniq_prince_ribbit1, uniq_pikel
D:9:      layout_rooms, fiery_altar_vehumet, dpeg_lair_monsters, serial_shops,
          shop_fountains, minivault_25

Skill      XL: |  1  2  3  4  5  6  7  8  9 |
---------------+----------------------------+-----
Armour         | 1 2 3 4 5 6 |  6.4
Fighting       | 4 5 7 |  7.6
Invocations    | 1 2 3 4 5 |  5.2
Stealth        | 1 2 3 4 |  4.7
Short Blades   | 4 5 6 |  6.9
Dodging        | 4 5 6 |  6.9

Action                     |  1- 3 |  4- 6 |  7- 9 || total
---------------------------+-------+-------+-------++-------
  Melee: Short sword       |   100 |   101 |   190 ||   391
         Headbutt          |    21 |    37 |    54 ||   112
         War axe           |       |       |    77 ||    77
 Invoke: Line Pass         |       |       |     1 ||     1
    Use: Scroll            |       |       |     5 ||     5
         Potion            |       |       |     2 ||     2
   Stab: Sleeping          |       |       |     5 ||     5
         Paralysed         |       |       |    10 ||    10
         Confused          |       |       |     1 ||     1
 Armour: Robe              |    19 |    10 |    42 ||    71
         Skin              |       |       |    66 ||    66
  Dodge: Dodged            |    63 |    60 |   212 ||   335
  Block: Orb               |       |       |    22 ||    22

Table legend: (Time is in decaauts)
 A = Elapsed time spent in this place.
 B = Non-inter-level travel time spent in this place.
 C = Inter-level travel time spent in this place.
 D = Time resting spent in this place.
 E = Time spent auto-exploring this place.
 F = Levels seen in this place.
 G = Mean time per level.
                   A        B        C        D        E       F      G
               +--------+--------+--------+--------+--------+-----+--------+
         Total |   6327 |   6072 |    255 |    364 |   4715 |   9 |  703.0 |
       Dungeon |   5781 |   5526 |    255 |    208 |   4528 |   8 |  722.6 |
       Ossuary |    545 |    545 |      0 |    156 |    187 |   1 |  545.0 |
               +--------+--------+--------+--------+--------+-----+--------+

Top non-repeatable levels by time:
     D:4: 1476 daAuts
     D:6: 1387 daAuts
     D:5: 1016 daAuts
     D:3: 917 daAuts
     D:1: 622 daAuts
 Ossuary: 545 daAuts
     D:2: 237 daAuts
     D:9: 100 daAuts
     D:7: 23 daAuts
